 Dungeon Crawl Stone Soup version 0.19.1-1-g22dce08 (webtiles) character file.

33 Jannitor the Slasher (level 3, -3/28 HPs)
             Began as a Demonspawn Gladiator on Nov 21, 2016.
             Killed from afar by Robin (5 damage)
             ... with a wand of flame
             ... on level 2 of the Dungeon on Jan 4, 2017.
             The game lasted 00:03:11 (1798 turns).

Jannitor the Slasher (Demonspawn Gladiator)         Turns: 1798, Time: 00:03:12

Health: -3/28      AC:  4    Str: 15    XL:     3   Next: 12%
Magic:  0/3        EV: 13    Int:  9    God:
Gold:   94         SH:  0    Dex: 14    Spells: 0 memorised, 2 levels left

rFire  . . .     SeeInvis .     a - +0 long sword
rCold  . . .     Gourm    .     b - +0 leather armour
rNeg   . . .     Faith    .     (no shield)
rPois  .         Spirit   +     c - +0 helmet
rElec  .         Reflect  .     (no cloak)
rCorr  .         Harm     .     (no gloves)
MR     .....                    (no boots)
Stlth  +.........               (no amulet)
                                (no ring)
                                (no ring)

@: very slightly contaminated, hasted, very quick
A: claws 1, magic shield
a: no special abilities


You were on level 2 of the Dungeon.
You were hungry.

You visited 1 branch of the dungeon, and saw 2 of its levels.

You collected 94 gold pieces.

Inventory:

Hand Weapons
 a - a +0 long sword (weapon)
Missiles
 d - 3 throwing nets (quivered)
Armour
 b - a +0 leather armour (worn)
 c - a +0 helmet (worn)
Scrolls
 e - a scroll of recharging {unknown}
 i - 2 scrolls of enchant armour {unknown}
 j - a scroll of remove curse {unknown}
 k - a scroll of fog {unknown}
 m - a scroll of identify {unknown}
Potions
 h - a potion of haste
 l - a potion of curing {unknown}
Comestibles
 f - 2 bread rations
 g - 3 fruits


   Skills:
 + Level 2.7 Fighting
 - Level 3.1 Long Blades
 - Level 1.7 Throwing
 + Level 3.0 Dodging
 * Level 0.1 Unarmed Combat


You had 2 spell levels left.
You didn't know any spells.

Dungeon Overview and Level Annotations

Branches:
Dungeon (2/15)

Altars:
Cheibriados
Hepliaklqana

Annotations:
D:2 Robin, Sigmund


Innate Abilities, Weirdness & Mutations

You have sharp fingernails.
When hurt, damage is shared between your health and your magic reserves.


Message History

Robin shouts!
You hear a shout! x2
You are very lightly contaminated with residual magic.
Unknown command.
Robin roars a battlecry!
A goblin comes into view. It is wielding a club.
Unknown command.
Unknown command.
Unknown command.
You feel sick.
You are no longer poisoned.
Unknown command.
Things that are here:
a dagger of venom; a goblin corpse Unknown command.
Robin throws the goblin at you!
* * * LOW HITPOINT WARNING * * *
The goblin barely misses you.
A goblin comes into view. It is wielding a dagger.
Robin zaps a wand.
The puff of flame hits you!
You die... ..g. ggg........

###### #... ###.###.### #.>..#
#..# .. ..# #....# #..# # ..#
#....# #..# #..# #....# #..#
#... #.#.#....####..# #.#.
#.....g....).g.# ####.##
###.#!...####@.#######........
#....#............. ......
#....#.###.############...
#....#.# #.# #<###.. #....#.#
#.# #.# ##. #....#.# #.# #.#
##. #.######.###.# #.# #.#
#............# #.# #.#
########.#############.###.#


You could see Robin and a goblin.

Vanquished Creatures
  2 dart slugs
  A leopard gecko (D:1)
  A bat (D:1)
  2 giant cockroaches
  6 goblins
  5 hobgoblins
  3 frilled lizards
  3 kobolds
  3 rats (D:1)
26 creatures vanquished.

Notes
Turn   | Place    | Note
-------+----------+-------------------------------------------
     0 | D:1      | Jannitor the Demonspawn Gladiator began the quest for the Orb.
     0 | D:1      | Reached XP level 1. HP: 16/16 MP: 1/1
   430 | D:1      | Gained mutation: When hurt, damage is shared between your health and your magic reserves. [demonic ancestry]
   430 | D:1      | Reached XP level 2. HP: 23/23 MP: 2/2
   517 | D:1      | Upgraded the game from 0.19.0-24-gb05acd6 to 0.19.1-1-g22dce08
  1134 | D:2      | Noticed Sigmund
  1277 | D:2      | Noticed Robin
  1335 | D:2      | Found a hazy altar of Hepliaklqana.
  1501 | D:2      | Gained mutation: You have sharp fingernails. [demonic ancestry]
  1501 | D:2      | Reached XP level 3. HP: 25/28 MP: 3/3
  1638 | D:2      | Found a snail-covered altar of Cheibriados.
  1798 | D:2      | Killed from afar by Robin

Skill      XL: |  1  2 |
---------------+-------+-----
Long Blades    | 3 |  3.1
Dodging        | 3 |  3.0
Fighting       | |  2.7
Throwing       | |  1.7
Unarmed Combat | |  0.1

Action                   || total
-------------------------++-------
Melee: Long sword        ||    81
  Use: Potion            ||     1
 Stab: Sleeping          ||     1
  Eat: Chunk             ||     2
Armor: Leather armour    ||    23
Dodge: Dodged            ||    43
       Rpst.: Long sword ||    17
